Map: Oceanborn LE

Players

trigger - Winner!

  • Race: Protoss Protoss
  • League: Grandmaster
  • Spawn Location: 5:00

LiquidElazer (Elazer)

  • Race: Zerg Zerg
  • Spawn Location: 11:00

Event: HomeStory Cup XXV

VOD

Have the link to the VOD?

Description

Time

  • Played on: June 22, 2024, 2:09 p.m.
  • Length: 10:20

All games in this series

Show
View Real Time Build Order
Export as new Build Order

trigger Protoss - Winner!

Build Orders: 1 Gate Expand, Oracle Opening 

Get SALT Encoding   

  12  0:00  Probe  
  13  0:12  Probe  
  14  0:19  Pylon  
  14  0:24  Probe  
  15  0:37  Probe (Chrono Boost)  
  16  0:43  Gateway  
  16  0:46  Probe (Chrono Boost)  
  16  0:47  Assimilator  
  17  0:51  Probe (Chrono Boost)  
  18  1:03  Probe  
  19  1:15  Probe  
  20  1:22  Nexus  
  20  1:32  Cybernetics Core  
  20  1:36  Assimilator  
  20  1:39  Probe  
  21  1:45  Pylon  
  21  1:51  Probe (Chrono Boost)  
  22  2:03  Probe (Chrono Boost)  
  22  2:05  Adept (Chrono Boost)  
  25  2:08  Probe (Chrono Boost)  
  25  2:14  Stargate  
  26  2:18  Probe  
  27  2:23  Warp Gate  
  27  2:27  Adept (Chrono Boost)  
  29  2:30  Probe  
  29  2:35  Probe  
  31  2:42  Probe  
  32  2:47  Probe  
  32  2:48  Adept (Chrono Boost)  
  35  2:54  Probe  
  36  2:59  Probe  
  36  3:03  Oracle (Chrono Boost)  
  37  3:06  Probe  
  37  3:11  Gateway  
  41  3:13  Probe  
  41  3:15  Pylon  
  42  3:21  Probe  
  42  3:25  Pylon  
  43  3:33  Probe x2  
  44  3:43  Oracle (Chrono Boost)  
  44  3:45  Probe x2  
  44  3:47  Gateway  
  46  3:57  Nexus  
  46  3:58  Pylon  
  46  4:00  Probe  
  47  4:05  Probe  
  48  4:10  Assimilator  
  48  4:12  Adept, Probe  
  48  4:13  Oracle  
  54  4:18  Probe  
  54  4:22  Adept  
  57  4:25  Probe  
  57  4:28  Assimilator, Pylon  
  58  4:32  Stalker  
  58  4:33  Probe  
  61  4:45  Twilight Council, Probe (Chrono Boost)  
  62  4:46  Adept  
  62  4:48  Forge, Probe (Chrono Boost)  
  65  4:58  Gateway  
  65  4:59  Probe (Chrono Boost)  
  67  5:00  Probe (Chrono Boost)  
  67  5:01  Gateway  
  67  5:03  Probe (Chrono Boost)  
  68  5:11  Probe  
  68  5:13  Protoss Ground Weapons Level 1  
  66  5:16  Probe  
  67  5:21  Blink (Chrono Boost)  
  67  5:22  Probe  
  67  5:24  Probe  
  67  5:26  Gateway  
  66  5:28  Probe  
  66  5:34  Probe  
  66  5:35  Gateway  
  66  5:37  Probe (Chrono Boost)  
  66  5:41  Probe (Chrono Boost)  
  60  5:43  Stalker x2  
  60  5:46  Probe (Chrono Boost)  
  60  5:47  Shield Battery  
  65  5:51  Probe (Chrono Boost)  
  65  5:55  Probe (Chrono Boost)  
  65  5:56  Robotics Facility, Probe (Chrono Boost)  
  68  5:58  Probe (Chrono Boost)  
  68  6:03  Probe  
  68  6:04  Assimilator  
  69  6:07  Probe  
  69  6:09  Assimilator  
  69  6:10  Stalker x3  
  77  6:13  Stalker  
  77  6:14  Probe  
  77  6:16  Pylon  
  80  6:20  Probe  
  80  6:22  Probe  
  82  6:26  Pylon  
  82  6:31  Probe  
  83  6:39  Gateway  
  83  6:40  Gateway  
  83  6:44  Observer (Chrono Boost)  
  83  6:45  Robotics Bay  
  83  6:46  Pylon  
  84  6:47  Robotics Facility  
  84  6:55  Stalker x6  
  95  7:14  Warp Prism (Chrono Boost)  
  95  7:15  Protoss Ground Weapons Level 2 (Chrono Boost)  
  95  7:24  Probe  
  95  7:26  Pylon  
  96  7:30  Probe  
  96  7:36  Extended Thermal Lance  
  103  7:38  Nexus  
  103  7:39  Pylon  
  103  7:40  Shield Battery  
  103  7:42  Pylon  
  103  7:43  Stalker x3  
  109  7:46  Stalker  
  109  7:50  Colossus (Chrono Boost)  
  109  7:51  Stalker x2  
  109  7:55  Colossus (Chrono Boost)  
  117  8:04  Photon Cannon  
  117  8:05  Shield Battery  
  117  8:12  Photon Cannon  
  117  8:26  Colossus (Chrono Boost)  
  129  8:39  Stalker x2  
  129  8:40  Colossus (Chrono Boost)  
  133  8:43  Pylon  
  133  8:50  Pylon  
  133  8:54  Stalker x2  
  133  8:55  Stalker x4  
  145  9:02  Pylon  
  145  9:04  Gateway  
  145  9:05  Gateway  
  145  9:06  Stalker x2  
  149  9:19  Stalker x2  
  149  9:20  Stalker x3  
  142  9:36  Stalker x3  
  142  9:44  Stalker x5  
  152  9:59  Stalker x3  
Show
View Real Time Build Order
Export as new Build Order

LiquidElazer Zerg 

Build Orders: Hatch First, Lurkers 

Get SALT Encoding   

  12  0:00  Drone  
  13  0:12  Overlord  
  13  0:17  Drone  
  14  0:30  Drone x2  
  16  0:48  Hatchery  
  15  0:51  Drone  
  15  0:55  Drone  
  17  0:58  Drone  
  18  1:09  Extractor  
  17  1:13  Spawning Pool  
  17  1:16  Drone  
  17  1:19  Drone  
  18  1:28  Drone  
  19  1:39  Drone  
  20  1:49  Drone  
  21  1:59  Queen  
  21  2:00  Queen  
  21  2:01  Zergling x2  
  26  2:02  Overlord  
  26  2:11  Drone x2, Metabolic Boost  
  28  2:24  Drone x2  
  30  2:32  Hatchery  
  29  2:37  Queen  
  29  2:43  Zergling x2  
  32  2:44  Drone  
  32  2:46  Overlord  
  33  2:53  Zergling x2  
  35  2:58  Zergling x4  
  35  3:02  Spore Crawler  
  35  3:03  Spore Crawler  
  35  3:05  Spore Crawler  
  33  3:10  Drone x3  
  38  3:16  Drone x3  
  38  3:18  Queen  
  43  3:21  Extractor  
  43  3:22  Queen  
  45  3:29  Overlord  
  44  3:49  Drone x11  
  44  3:52  Spore Crawler  
  54  3:56  Drone x2  
  54  4:00  Queen  
  58  4:03  Overlord  
  58  4:09  Spore Crawler  
  56  4:15  Drone  
  57  4:18  Drone  
  57  4:19  Overlord  
  57  4:23  Drone x3  
  57  4:24  Drone x5  
  62  4:25  Drone  
  62  4:28  Drone  
  64  4:31  Drone  
  64  4:36  Drone  
  64  4:41  Drone x4  
  68  4:46  Drone x2  
  68  4:50  Overlord  
  68  4:51  Drone x2  
  72  4:54  Evolution Chamber  
  72  4:55  Overlord  
  72  4:56  Overlord  
  72  4:57  Overlord  
  71  5:10  Zergling x6  
  71  5:11  Hatchery  
  73  5:18  Zergling x6  
  72  5:21  Zergling x2  
  72  5:22  Zergling x4  
  72  5:23  Drone x6  
  79  5:31  Overlord  
  73  5:40  Drone x4  
  74  5:48  Extractor  
  73  5:50  Drone x5, Zerg Melee Weapons Level 1, Extractor  
  73  5:54  Drone x3, Extractor  
  73  5:57  Lair  
  79  6:01  Drone x3  
  81  6:07  Drone x5  
  86  6:12  Drone  
  86  6:17  Zergling x6  
  90  6:18  Zergling x2  
  90  6:19  Zergling x2  
  90  6:22  Zergling x2  
  90  6:24  Zergling x2  
  94  6:26  Spore Crawler  
  88  6:34  Drone x3  
  88  6:35  Zergling x12  
  97  6:40  Zergling x4  
  97  6:44  Overlord  
  97  6:46  Zergling x6  
  97  6:47  Zergling x2  
  102  6:51  Zergling x4  
  104  6:56  Zergling x2  
  104  6:58  Drone  
  104  6:59  Hydralisk Den  
  104  7:00  Zergling x12  
  109  7:01  Hatchery  
  107  7:08  Zergling x2  
  107  7:09  Zergling x8  
  107  7:14  Zergling x6  
  112  7:17  Drone  
  112  7:18  Drone x2  
  112  7:20  Drone x2  
  117  7:23  Drone  
  117  7:25  Extractor, Infestation Pit  
  116  7:30  Drone x4  
  116  7:32  Overlord x3  
  116  7:33  Grooved Spines  
  119  7:44  Drone  
  119  7:47  Drone x4  
  115  7:53  Overlord  
  115  7:54  Drone x10  
  122  7:59  Lurker Den  
  122  8:01  Hive  
  122  8:02  Hydralisk, Zerg Missile Weapons Level 1  
  122  8:03  Hydralisk x5  
  133  8:07  Hydralisk  
  135  8:13  Extractor  
  135  8:14  Extractor  
  135  8:16  Drone  
  135  8:17  Drone x3, Extractor  
  135  8:18  Hydralisk x5  
  146  8:22  Zergling x6  
  146  8:23  Muscular Augments  
  146  8:25  Overlord x3  
  149  8:30  Drone  
  149  8:33  Zergling x12  
  156  8:34  Overseer  
  156  8:42  Drone  
  156  8:43  Overlord x2  
  156  8:44  Spore Crawler  
  156  8:47  Spine Crawler  
  155  8:50  Drone x5  
  155  8:51  Evolution Chamber  
  155  8:53  Hydralisk x6  
  168  9:00  Hydralisk x4  
  176  9:11  Hydralisk  
  176  9:12  Hydralisk x5  
  176  9:13  Zergling x4  
  176  9:15  Overlord  
  190  9:18  Seismic Spines  
  182  9:26  Zergling x16  
  163  9:36  Hydralisk x4  
  160  9:39  Zergling x2  
  160  9:40  Zergling x8  
  160  9:42  Lurker x4  
  164  9:48  Zergling x6  
Tags
 
Add a new tag
Caveats
  • Supply blocks, unpowered buildings, or Contaminate may cause inaccurate times.
  • Supply counts are checked every 10 seconds.